 Dungeon Crawl Stone Soup version 0.25.0-1-g7eea58d (webtiles) character file.

Game seed: 1600515474261776501

741 jorbis the Skirmisher (level 7, -2/62 HPs)
             Began as a Minotaur Assassin on June 26, 2020.
             Was an Initiate of Wu Jian.
             Killed by nerve-wracking pain
             ... invoked by Grinder
              (10 damage)
             ... while paralysed by Grinder
             ... on level 4 of the Dungeon.
             The game lasted 00:11:38 (3609 turns).

jorbis the Skirmisher (Minotaur Assassin)           Turns: 3609, Time: 00:11:38

Health: -2/62      AC: 11    Str: 16    XL:     7   Next: 47%
Magic:  6/6        EV:  2    Int: 10    God:    Wu Jian [......]
Gold:   40         SH:  0    Dex: 11    Spells: 6/6 levels left

rFire    . . .     SeeInvis .   a - +4 dagger
rCold    + + .     Gourm    .   (no shield)
rNeg     . . .     Faith    .   x - +5 leather armour of Dishonesty {rC++}
rPois    .         Spirit   .   (helmet restricted)
rElec    .         Reflect  .   c - +2 cloak
rCorr    .         Harm     .   (no gloves)
MR       .....                  (no boots)
Stlth    ++........             (no amulet)
HPRegen  0.20/turn              (no ring)
MPRegen  0.10/turn              (no ring)

@: paralysed
A: retaliatory headbutt, horns 2
a: Renounce Religion


You were on level 4 of the Dungeon.
You worshipped Wu Jian.
Wu Jian was noncommittal.
You were not hungry.

You visited 1 branch of the dungeon, and saw 4 of its levels.

You collected 215 gold pieces.
You spent 175 gold pieces at shops.

Inventory:

Hand Weapons
 a - a +4 dagger (weapon)
Missiles
 d - 8 poisoned darts (quivered)
 e - 9 curare-tipped darts
 m - 54 stones
 n - 19 arrows
 q - 41 sling bullets
 u - 6 javelins
Armour
 c - a +2 cloak (worn)
 x - the +5 leather armour of Dishonesty (worn) {rC++}
   (You bought it in a shop on level 4 of the Dungeon)

   It greatly protects you from cold.
Scrolls
 k - a scroll of fog
 l - 2 scrolls of immolation
 p - 2 scrolls of identify
 s - a scroll of remove curse
Potions
 b - a potion of brilliance {unknown}
 i - 2 potions of berserk rage
 r - a potion of haste
Comestibles
 f - 9 rations
 w - 4 chunks of flesh


   Skills:
 * Level 5.6 Fighting
 * Level 5.2 Short Blades
 - Level 2.0 Throwing
 + Level 3.5 Armour
 + Level 3.5 Dodging
 + Level 4.3 Stealth


You had 6 spell levels left.
You didn't know any spells.
Your spell library was empty.

Dungeon Overview and Level Annotations

Branches:
Dungeon (4/15)
 Temple: D:4-7

Altars:
Ashenzari
Wu Jian
Yredelemnul

Shops:
D:4 [

Annotations:
D:4 Grinder


Innate Abilities, Weirdness & Mutations

You reflexively headbutt those who attack you in melee.
You have a pair of horns on your head.


Message History

Grinder hits you but does no damage.
You hit Grinder.
Grinder is almost dead.
You hit Grinder.
Grinder is almost dead.
Grinder hits you.
You hit Grinder.
Grinder is almost dead.
Grinder gestures at you.
You suddenly lose the ability to move!
Grinder gestures at you. Pain shoots through your body! Grinder hits you.
You writhe in agony.
Grinder hits you!
* * * LOW HITPOINT WARNING * * *
You writhe in agony.
* * * LOW HITPOINT WARNING * * *
Grinder gestures at you. Pain shoots through your body!
You die...

#.....#
#.#..##
#.....#
#.#...#
#.....#
#.#.#.#
#.....#
..#.#..
##'####
###.##.
#.###########
#.##.
#...........#
#.##.
#..########5#
#.###
#..#...<..#@#
#. #
#..#.##.#.#.#
#
#..#.##.#.#.#
#
#..#....#.#.#
##
#..######.#.#
.#
#.........#.#
.#
#.#########.#
.# #.# #.# .#
#.# #.#


You could see Grinder.

Vanquished Creatures
  Sigmund (D:2)
  A phantom (D:2)
  A howler monkey (D:3)
  A hound (D:4)
  A jelly (D:4)
  An orc priest (D:3)
  A bullfrog skeleton (D:4)
  3 orc wizards
  4 worker ants (D:4)
  3 gnolls (D:4)
  3 adders
  An ooze (D:1)
  An adder skeleton (D:4)
  A dart slug (D:3)
  2 worms
  4 leopard geckos
  14 orcs
  5 bats
  3 giant cockroaches
  5 goblins
  7 hobgoblins
  7 jackals
  A quokka (D:4)
  4 frilled lizards
  4 kobolds
  17 rats
96 creatures vanquished.

Notes
Turn   | Place    | Note
-------+----------+-------------------------------------------
     0 | D:1      | jorbis the Minotaur Assassin began the quest for the Orb.
     0 | D:1      | Reached XP level 1. HP: 18/18 MP: 0/0
    95 | D:1      | Reached XP level 2. HP: 20/25 MP: 1/1
   372 | D:1      | Reached skill level 1 in Armour
   601 | D:1      | Reached XP level 3. HP: 27/31 MP: 2/2
   887 | D:2      | Reached XP level 4. HP: 14/38 MP: 3/3
  1110 | D:2      | Found a faded altar of an unknown god.
  1334 | D:2      | Noticed Sigmund
  1360 | D:2      | Killed Sigmund
  1360 | D:2      | Reached XP level 5. HP: 26/47 MP: 4/4
  1431 | D:2      | Noticed a phantom
  1467 | D:1      | Reached XP level 6. HP: 21/53 MP: 5/5
  2588 | D:3      | Reached skill level 5 in Fighting
  2735 | D:3      | Reached XP level 7. HP: 60/61 MP: 6/6
  2745 | D:3      | Found a shattered altar of Ashenzari.
  2875 | D:3      | Found an ornate altar of the Wu Jian Council.
  3094 | D:3      | Became a worshipper of the Wu Jian Council
  3248 | D:4      | Found a basalt altar of Yredelemnul.
  3250 | D:4      | Reached skill level 5 in Short Blades
  3278 | D:4      | Found Ogrenu's Antique Armour Shoppe.
  3281 | D:4      | Bought a faintly humming leather armour for 175 gold pieces
  3294 | D:4      | Identified the +5 leather armour of Dishonesty {rC++} (You
                  | bought it in a shop on level 4 of the Dungeon)
  3588 | D:4      | Noticed Grinder
  3599 | D:4      | Paralysed by Grinder for 2 turns
  3605 | D:4      | Paralysed by Grinder for 4 turns
  3609 | D:4      | Killed from afar by Grinder

Illustrated notes

Levels and vault maps discovered:
D:1:      dpeg_arrival_fog, layout_rooms, serial_aquarium,
          aquarium_bridge_long_separate [aquarium_subvault_balcony,
          aquarium_subvault_wall, aquarium_subvault_bridge,
          aquarium_subvault_window, aquarium_subvault_bridge,
          aquarium_subvault_bridge], aquarium_window_corner, aquarium_window_1,
          aquarium_window_corner, aquarium_view_2b, aquarium_view_2e,
          aquarium_pool_1, minmay_rat_gold_closets
D:2:      layout_loops_ring, chequers_ecumenical_altar_simple_redux,
          uniq_sigmund
D:3:      layout_loops_ring, lemuel_coloured_pillars_altar, old_standard_altar,
          corexii_corridor_pit
D:4:      layout_basic, old_standard_altar, serial_shops, shop_fountains,
          first_ration, uniq_grinder

Skill      XL: |  1  2  3  4  5  6  7 |
---------------+----------------------+-----
Armour         | 1 2 3 |  3.5
Fighting       | 3 4 5 |  5.6
Short Blades   | 3 4 5 |  5.2
Dodging        | 2 3 |  3.5
Stealth        | 4 |  4.3
Throwing       | |  2.0

Action                   |  1- 3 |  4- 6 |  7- 9 || total
-------------------------+-------+-------+-------++-------
Melee: Dagger            |    80 |   157 |    70 ||   307
       Headbutt          |    15 |    25 |    17 ||    57
Invok: Lunge             |       |       |     7 ||     7
  Use: Potion            |       |     5 |       ||     5
       Scroll            |       |     5 |     9 ||    14
 Stab: Sleeping          |    14 |     2 |       ||    16
  Eat: Chunk             |       |     6 |     3 ||     9
Armor: Robe              |    15 |    15 |       ||    30
       Scale mail        |       |    15 |     5 ||    20
       Leather armour    |       |       |     9 ||     9
Dodge: Dodged            |    19 |    62 |    22 ||   103
